AoeStats
← EULight

Fortress

509113577Analyzed
2v2 RM · 8d ago on Sep 25, 2026· 57m 16s· 4 players
Game mode
Random Map
Map size
Normal (6 player)
Population
200
Speed
Normal
Resources
Standard
Victory
Conquest
Starting age
Dark Age
Ending age
Imperial Age
RankedLock teamsTeams togetherTeam positionsShared explorationLock speedFull tech treeHidden civsTurbo modeCheats
Victory
Defeat
🇨🇴 Berbers · Colombia
1257
+18
🇸🇰 Mongols · Slovakia
1221
+19
🇫🇮 Khitans · Finland
1294
-19
🇫🇮 Turks · Finland
1292
-18
EULight
6:29 Feudal Age
6:31 Loom
6:55 Double-Bit Axe
6:51 Horse Collar
11:03 Wheelbarrow
13:52 Castle Age
11:51 Fletching
12:35 Padded Archer Armor
12:53 Forging
15:08 Bodkin Arrow
19:39 Husbandry
21:00 Bloodlines
22:09 Scale Barding Armor
23:53 Chain Barding Armor
31:56 Imperial Age
33:27 Iron Casting
35:00 Hand Cart
36:23 Bow Saw
37:46 Blast Furnace
36:58 Elite Steppe Lancer
40:08 Caravan
41:21 Heavy Plow
46:29 Light Cavalry
48:09 Hussar
51:10 Conscription
52:35 Hoardings
jairogut
7:46 Feudal Age
11:31 Castle Age
9:30 Double-Bit Axe
10:55 Horse Collar
12:55 Wheelbarrow
12:39 Bow Saw
16:12 Loom
18:11 Fletching
18:30 Town Watch
20:08 Bodkin Arrow
21:03 Bloodlines
23:00 Forging
23:44 Scale Barding Armor
24:14 Ballistics
27:23 Husbandry
26:43 Light Cavalry
28:22 Heavy Plow
31:56 Imperial Age
32:08 Padded Archer Armor
32:37 Chain Barding Armor
33:42 Chemistry
32:55 Bracer
33:11 Leather Archer Armor
32:54 Capped Ram
34:53 Iron Casting
35:53 Maghrebi Camels
35:26 Heavy Camel Rider
36:11 Elite Camel Archer
38:42 Ring Archer Armor
39:11 Fortified Wall
39:28 Caravan
39:59 Coinage
39:40 Guilds
44:33 Plate Barding Armor
44:59 Blast Furnace
44:18 Thumb Ring
46:44 Banking
48:11 Crop Rotation
48:09 Kasbah
48:45 Hoardings
54:47 Siege Engineers
54:37 Murder Holes
boxser25
2:38 Loom
8:37 Feudal Age
13:07 Castle Age
11:03 Double-Bit Axe
11:33 Domestication
13:58 Husbandry
14:12 Scale Barding Armor
14:19 Forging
13:59 Fletching
16:41 Gold Mining
23:56 Chain Barding Armor
24:12 Iron Casting
29:28 Imperial Age
27:34 Masonry
28:39 Murder Holes
29:05 Ballistics
30:52 Heavy Camel Rider
32:15 Plate Barding Armor
31:36 Bodkin Arrow
32:52 Wheelbarrow
33:20 Chemistry
33:05 Conscription
33:14 Town Watch
36:44 Scale Mail Armor
37:01 Squires
38:11 Ordo Cavalry
45:44 Light Cavalry
46:43 Hussar
Laxsus
6:56 Feudal Age
10:50 Castle Age
12:42 Fletching
15:16 Loom
18:22 Padded Archer Armor
20:59 Wheelbarrow
26:46 Imperial Age
26:56 Leather Archer Armor
26:34 Double-Bit Axe
34:21 Elite Janissary
36:07 Ballistics
46:53 Bloodlines
47:09 Scale Barding Armor
47:14 Forging
47:57 Husbandry
48:30 Chain Barding Armor
49:37 Iron Casting
51:33 Plate Barding Armor
52:06 Blast Furnace
54:38 Horse Collar
Connection lost

Rejoining the realm…

Still unreachable

The connection could not be restored.

Session expired

The server has moved on; the page needs a fresh start.